 Dungeon Crawl Stone Soup version 0.21-a0-91-ga5031da (webtiles) character file.

900 Ijustatesigmund the Fighter (level 8, 89/89 HPs)
             Began as an Ogre Fighter on June 30, 2017.
             Quit the game on level 4 of the Dungeon.
             The game lasted 00:11:53 (4240 turns).

Ijustatesigmund the Fighter (Ogre Fighter)          Turns: 4240, Time: 00:11:54

Health: 89/89      AC:  5    Str: 21    XL:     8   Next: 7%
Magic:  8/8        EV:  9    Int:  9    God:
Gold:   254        SH:  9    Dex: 10    Spells: 7/7 levels left

rFire    . . .     SeeInvis .   a - +1 trident
rCold    . . .     Gourm    .   c - +0 shield
rNeg     . . .     Faith    .   b - +0 robe
rPois    .         Spirit   .   (helmet restricted)
rElec    +         Reflect  .   s - +1 cloak
rCorr    .         Harm     .   (gloves unavailable)
MR       .....                  (boots unavailable)
Stlth    +.........             (no amulet)
HPRegen  0.24/turn              (no ring)
MPRegen  0.11/turn              (no ring)

@: hasted, very quick
A: unfitting armour, horns 1, electricity resistance, tough skin 1
a: no special abilities


You were on level 4 of the Dungeon.
You were not hungry.

You visited 1 branch of the dungeon, and saw 4 of its levels.
You also visited: Sewer.

You collected 254 gold pieces.

Inventory:

Hand Weapons
 a - a +1 trident (weapon)
 w - a +0 giant club
Missiles
 l - 7 tomahawks (quivered)
Armour
 b - a +0 robe (worn)
 c - a +0 shield (worn)
 s - a +1 cloak (worn)
Wands
 q - a wand of flame (35/48)
Scrolls
 k - a scroll of remove curse
 o - 2 scrolls of fog
 p - 4 scrolls of teleportation
Potions
 d - a potion of brilliance
 e - a potion of resistance
 h - a potion of heal wounds
 i - a potion of might
 m - a potion of berserk rage
 t - a potion of flight
 u - a potion of mutation
Comestibles
 f - 4 bread rations
 j - a royal jelly
 n - 3 meat rations
 x - 2 chunks of flesh


   Skills:
 + Level 8.6 Fighting
 + Level 4.2 Polearms
 + Level 4.4 Dodging
 + Level 4.4 Shields


You had 7 spell levels left.
You didn't know any spells.

Dungeon Overview and Level Annotations

Branches:
Dungeon (4/15)             Temple (0/1) D:4

Altars:
Kikubaaqudgha
Qazlal
Sif Muna


Innate Abilities, Weirdness & Mutations

You are too large for most types of armour.
You have tough skin. (AC +1)
You have a pair of small horns on your head.
You are resistant to electric shocks. (rElec)


Message History

You start resting.
You feel your anger subside.
You are no longer berserk.
You are exhausted.
You feel yourself slow down.
You start resting.
HP restored.
You start waiting.
You flicker for a moment.
You start waiting.
You flicker back into view.
You start waiting.
You feel yourself speed up.
You start waiting.
You recover from your berserk rage.
You start waiting.
Your magical contamination has completely faded away.
It was a potion of haste.
You feel yourself speed up.
It was a potion of mutation.
You feel extremely strange. A pair of horns grows on your head!
You feel insulated.
Are you sure you want to abandon this character and quit the game? (Confirm with "yes".)

#$#.###....#
#.#.#......# #
#.#.#.#....#
#.#^#.#.#....# ####
#.#.#...#....####..# #
#.#>.........##.....
#.#............####..#
+...............#⌠....
#)...@..##......###..#
#.......+ ......#⌠....
##......# ......###..#
#......# ...... #....
#......# ... ###..#
#......# #_....
######## ##8..8 #.....
#..##.


There were no monsters in sight!

Vanquished Creatures
  An ice beast (D:4)
  A centaur (D:4)
  An ogre (D:4)
  An elf zombie (D:4)
  An elf skeleton (D:4)
  3 hounds (D:4)
  An orc priest (D:4)
  Crazy Yiuf (D:3)
  A human zombie (D:4)
  Jessica (D:3)
  2 orc wizards (D:4)
  Natasha (twice) (D:2)
  A human skeleton (D:4)
  3 adders
  3 oozes (Sewer)
  6 worms
  2 dart slugs
  A leopard gecko (D:2)
  3 orcs
  11 bats
  8 giant cockroaches
  4 hobgoblins
  17 jackals
  3 ball pythons (Sewer)
  8 frilled lizards
  9 goblins
  5 kobolds
  2 orc skeletons (D:4)
  12 rats
114 creatures vanquished.

Vanquished Creatures (others)
  Natasha (D:2)
1 creature vanquished.

Grand Total: 115 creatures vanquished

Notes
Turn   | Place    | Note
-------+----------+-------------------------------------------
     0 | D:1      | Ijustatesigmund the Ogre Fighter began the quest for the Orb.
     0 | D:1      | Reached XP level 1. HP: 24/24 MP: 1/1
   140 | D:1      | Reached XP level 2. HP: 33/33 MP: 2/2
   383 | D:2      | Found a stormy altar of Qazlal.
   385 | D:2      | Noticed a water elemental
   386 | D:2      | Noticed an earth elemental
   386 | D:2      | Noticed a fire elemental
   386 | D:2      | Noticed an air elemental
   408 | D:2      | Reached skill level 5 in Fighting
   598 | D:2      | Reached XP level 3. HP: 42/42 MP: 3/3
   640 | D:2      | Noticed Natasha
   648 | D:2      | Killed Natasha
   648 | D:2      | Reached skill level 6 in Fighting
   667 | D:2      | Noticed Natasha
   683 | D:2      | Killed Natasha
   683 | D:2      | Reached XP level 4. HP: 47/53 MP: 4/4
   705 | D:2      | Noticed Natasha
   723 | D:2      | Killed Natasha
  1189 | D:2      | Reached skill level 7 in Fighting
  1442 | D:3      | Reached XP level 5. HP: 60/62 MP: 5/5
  1493 | D:3      | Found a glowing drain.
  1497 | Sewer    | Entered a sewer
  2572 | D:3      | Noticed Jessica
  2576 | D:3      | Killed Jessica
  2590 | D:3      | Reached XP level 6. HP: 70/71 MP: 6/6
  2901 | D:3      | Found a runed door.
  2905 | D:3      | Noticed Crazy Yiuf
  2911 | D:3      | Killed Crazy Yiuf
  3154 | D:4      | Found a staircase to the Ecumenical Temple.
  3209 | D:4      | Reached XP level 7. HP: 55/79 MP: 7/7
  3522 | D:4      | Reached skill level 8 in Fighting
  3762 | D:4      | Reached XP level 8. HP: 20/89 MP: 8/8
  4014 | D:4      | Found a deep blue altar of Sif Muna.
  4035 | D:4      | Found an ancient bone altar of Kikubaaqudgha.
  4239 | D:4      | Gained mutation: You have a pair of small horns on your head. [potion of mutation]
  4239 | D:4      | Gained mutation: You are resistant to electric shocks. (rElec) [potion of mutation]
  4240 | D:4      | Quit the game

Vault maps used:
D:1:      dpeg_arrival_orchard
D:2:      nicolae_qazlal_style_of_elements, first_bread, fountainhead,
          kennysheep_doodads, fountainhead, uniq_natasha
D:3:      gup_sewer_entry_bowl, uniq_jessica, uniq_crazy_yiuf_cottage
D:4:      minitemple, minmay_temple_entry_junction,
          nicolae_ossuary_entry_catacombs, minmay_cut_off
Sewer:    sewer_fruit_machine

Skill      XL: |  1  2  3  4  5  6  7 |
---------------+----------------------+-----
Fighting       | 5 6 7 8 |  8.6
Shields        | 3 4 |  4.4
Dodging        | 3 4 |  4.4
Polearms       | 3 4 |  4.2

Action                   |  1- 3 |  4- 6 |  7- 9 || total
-------------------------+-------+-------+-------++-------
Melee: Trident           |    77 |   230 |   143 ||   450
  Use: Scroll            |     5 |     6 |     1 ||    12
       Potion            |     1 |     4 |     4 ||     9
 Stab: Sleeping          |     1 |     1 |       ||     2
  Eat: Chunk             |       |     8 |     2 ||    10
       Fruit             |       |       |     2 ||     2
Armor: Robe              |    13 |    49 |    29 ||    91
Dodge: Dodged            |    28 |    73 |    49 ||   150
Block: Shield            |    16 |    78 |    55 ||   149
